 Dungeon Crawl Stone Soup version 0.24.0-123-gd5b16e6ec5 (webtiles) character file.

Game seed: 13632232788716432629, levelgen mode: deterministic

43 Descartes the Scratcher (level 3, 0/15 HPs)
             Began as a Felid Transmuter on Dec 27, 2019.
             Slain by a worm (9 damage)
             ... on level 2 of the Dungeon.
             The game lasted 00:03:14 (3183 turns).

Descartes the Scratcher (Felid Transmuter)          Turns: 3183, Time: 00:03:14

Health: 0/15       AC:  1    Str:  7    XL:     3   Next: 37%
Magic:  7/7        EV: 18    Int: 14    God:
Gold:   88         SH:  0    Dex: 16    Spells: 5/6 levels left
                                        Lives:  0   Deaths: 0

rFire    . . .     SeeInvis +     - Unarmed
rCold    . . .     Gourm    .   (shield unavailable)
rNeg     . . .     Faith    .   (armour unavailable)
rPois    .         Spirit   .   (helmet unavailable)
rElec    .         Reflect  .   (cloak unavailable)
rCorr    .         Harm     .   (gloves unavailable)
MR       .....                  (boots unavailable)
Stlth    ++........             (no amulet)
HPRegen  0.05/turn              (no ring)
MPRegen  0.10/turn              (no ring)

@: quick
A: very small, no armour, no weapons or thrown items, stealth, claws 1, fangs 3,
see invisible, carnivore, speed 1, shaggy fur 1, slow metabolism 1, sharp paws
a: no special abilities


You were on level 2 of the Dungeon.
You were completely stuffed.

You visited 1 branch of the dungeon, and saw 2 of its levels.

You collected 88 gold pieces.

Inventory:

Missiles
 a - 12 arrows
 h - 4 stones
Jewellery
 e - a +3 ring of protection {unknown}
Scrolls
 d - a scroll of magic mapping {unknown}
 f - 3 scrolls of identify {unknown}
 g - 2 scrolls of fog {unknown}
 l - a scroll of teleportation {unknown}
 m - a scroll of noise {unknown}
 n - a scroll of enchant armour {unknown}
Potions
 b - 2 potions of might {unknown}
 i - 2 potions of mutation {unknown}
 j - a potion of flight {unknown}
Comestibles
 c - 4 rations


   Skills:
 + Level 1.2 Fighting
 + Level 3.1 Dodging
 * Level 2.1 Stealth
 * Level 3.5 Unarmed Combat
 + Level 2.1 Spellcasting
 + Level 2.5 Transmutations


You had 5 spell levels left.
You knew the following spells:

 Your Spells              Type           Power        Failure   Level  Hunger
a - Beastly Appendage     Tmut           #.....       9%          1    #......

Your spell library contained the following spells:

 Spells                   Type           Power        Failure   Level  Hunger
 Sticks to Snakes         Tmut           #.......     12%         2    ###....
 Spider Form              Tmut/Pois      #.........   38%         3    ###....
 Ice Form                 Ice/Tmut       #.......     80%         4    #####..
 Blade Hands              Tmut           #.........   92%         5    ######.


Dungeon Overview and Level Annotations

Branches:
Dungeon (2/15)

Altars:


Innate Abilities, Weirdness & Mutations

You cannot wear armour.
You are incapable of wielding weapons or throwing items.
Your paws allow you to move quietly. (Stealth)
You have sharp claws.
You have razor-sharp teeth.
You have supernaturally acute eyesight. (SInv)
You are carnivorous and can eat meat at any time.
You cover ground quickly.
You are covered in fur. (AC +1)
You have a slow metabolism.
Your sharp claws are effective at attacking unaware monsters.


Message History

The worm is too close now for your liking.
A worm is nearby!
You scratch the worm.
The worm is moderately wounded.
The worm misses you.
You scratch the worm. You bite the worm, but do no damage.
The worm is heavily wounded.
You scratch the worm.
The worm is heavily wounded.
The worm barely misses you.
You scratch the worm but do no damage.
The worm is heavily wounded.
You barely miss the worm.
The worm is heavily wounded.
The worm completely misses you.
You scratch the worm.
The worm is heavily wounded.
The worm bites you!
Ouch! That really hurt!
You die...

#.##...#.######
#.##.....#####.#
# ##.##.#
#.#..w.....#...#
## #.#
#)##...#.#.#..##
##.##
#.##..##.#....#
##...##
#.##.###.##.#.#
#.###.# #.##.#
#.##.#.# #.###.#
#.##.# #.##.#.#
#.....######.##.#
#.##.#.###
##.........@w...#
#.##.#....
#...........####
#.##......
#############
#.........
##########


You could see a worm.

Vanquished Creatures
  An adder (D:2)
  A dart slug (D:1)
  4 bats (D:2)
  2 goblins (D:1)
  8 hobgoblins
  2 jackals (D:1)
  5 kobolds
  3 frilled lizards
  3 rats
29 creatures vanquished.

Notes
Turn   | Place    | Note
-------+----------+-------------------------------------------
     0 | D:1      | Descartes the Felid Transmuter began the quest for the Orb.
     0 | D:1      | Reached XP level 1. HP: 9/9 MP: 4/4
   358 | D:1      | Reached skill level 1 in Stealth
   733 | D:1      | Reached XP level 2. HP: 12/12 MP: 6/6
  2127 | D:2      | Reached XP level 3. HP: 15/15 MP: 7/7
  3183 | D:2      | Slain by a worm

Levels and vault maps discovered:
D:1:      tarquinn_simple_flora_water_b, layout_basic
D:2:      layout_loops_ring, tso_altar, first_ration, bh_walls_and_bars

Skill      XL: |  1  2  3 |
---------------+----------+-----
Stealth        | 1 2 |  2.1
Dodging        | 3 |  3.1
Fighting       | |  1.2
Unarmed Combat | |  3.5
Spellcasting   | |  2.1
Transmutations | |  2.5

Action                   || total
-------------------------++-------
Melee: Unarmed           ||    97
       Bite              ||     8
 Stab: Sleeping          ||     9
  Eat: Chunk             ||    12
Armor: Skin              ||     2
Dodge: Dodged            ||    57
